 Dungeon Crawl Stone Soup version 0.17-a0-2098-gf59d6bc (webtiles) character file.

58 tp1 the Conjurer (level 3, -3/19 HPs)
             Began as a Deep Elf Conjurer on Oct 17, 2015.
             Slain by a gnoll
             ... wielding a +0 spear
              (7 damage)
             ... on level 1 of the Dungeon.
             The game lasted 00:11:10 (1904 turns).

tp1 the Conjurer (Deep Elf Conjurer)                Turns: 1904, Time: 00:11:10

Health: -3/19      AC:  3    Str:  5    XL:     3   Next: 75%
Magic:  2/9        EV:  8    Int: 20    God:
Gold:   52         SH:  0    Dex: 15    Spells: 3 memorised, 2 levels left

rFire  . . .     SeeInvis .     m - +0 short sword (venom)
rCold  . . .     Clarity  .     g - +0 leather armour (curse)
rNeg   . . .     SustAt   .     (no shield)
rPois  .         Gourm    .     (no helmet)
rElec  .         Spirit   .     (no cloak)
rCorr  .         Warding  .     (no gloves)
rMut   .         Stasis   .     (no boots)
MR     .....                    (no amulet)
Stlth  ++........               (no ring)
                                k - +5 ring of slaying

@: not resistant to hostile enchantments, unstealthy
A: no striking features
a: no special abilities


You were on level 1 of the Dungeon.
You were very hungry.

You visited 1 branch of the dungeon, and saw 3 of its levels.

You collected 52 gold pieces.

Inventory:

Hand Weapons
 i - a +0 dagger
 m - a +0 short sword of venom (weapon)
Armour
 a - a +0 robe
 g - a cursed +0 leather armour (worn)
Jewellery
 k - a +5 ring of slaying (left hand)
Scrolls
 f - a scroll of identify {unknown}
Potions
 l - 2 potions of lignification {unknown}
Books
 b - a book of Conjurations

   Spells                             Type                      Level
   a - Magic Dart                     Conjuration                  1
   b - Searing Ray                    Conjuration                  2
   c - Dazzling Spray                 Conjuration/Hexes            3
   d - Fulminant Prism                Conjuration/Hexes            4
   e - Iskenderun's Mystic Blast      Conjuration                  4
   f - Iskenderun's Battlesphere      Conjuration/Charms           5
Comestibles
 c - a bread ration
 j - 2 fruits


   Skills:
 + Level 2.2 Short Blades
 - Level 4.0 Dodging
 - Level 2.4 Stealth
 - Level 3.0 Spellcasting
 - Level 4.3 Conjurations


You had 2 spell levels left.
You knew the following spells:

 Your Spells              Type           Power        Failure   Level  Hunger
a - Magic Dart            Conj           ###.         4%          1    None
b - Searing Ray           Conj           ###...       8%          2    ##.....
c - Dazzling Spray        Conj/Hex       ##......     34%         3    ###....


Dungeon Overview and Level Annotations

Branches:
Dungeon (3/15)

Altars:


Message History

Confirm with . or Enter, or press ? or * to list all spells.
Aiming: Magic Dart
Press: ? - help, Shift-Dir - straight line, f - worm
Aim: a worm The magic dart hits the worm.
The worm is lightly wounded.
Casting: Magic Dart
Confirm with . or Enter, or press ? or * to list all spells.
Aiming: Magic Dart
Press: ? - help, Shift-Dir - straight line, f/p - worm
Aim: a worm (lightly wounded)
The magic dart hits the worm.
The worm is moderately wounded.
The worm bites you!
* * * LOW HITPOINT WARNING * * *
There is a stone staircase leading up, spattered with blood here.
You climb upwards.
The gnoll misses you. The gnoll barely misses you.
There is a stone staircase leading down here.
The gnoll hits you with a spear!
You die...

##.......###.#.......##.#..#.####
#...#.[### #.####........g......#
.......# #.# #............##.#
.......#####.# ##..##.##..####.#
.............# #..##.##.[# #.#
.......##....# #..##.##).# #.#
#...##.##.#### #..##.##..####.#
#...##.##.# #####..##.##........
##.###.##.# ##..@).........###...
##.###.##.###..g##..##.##### #..#
................##..##.# #..#
#..###....).........##.#######..#
#..#########.######.............#
.....#######........#..#######.##
####..........#######'## #...
#.#######..# ###...### ####
#..........####.......### #...


You could see a gnoll.

Vanquished Creatures
  3 gnolls
  2 giant cockroaches (D:1)
  3 hobgoblins (D:1)
  7 bats (D:1)
  5 giant newts (D:1)
  5 goblins (D:1)
  3 kobolds (D:1)
  2 rats
30 creatures vanquished.

Notes
Turn   | Place    | Note
--------------------------------------------------------------
     0 | D:1      | tp1 the Deep Elf Conjurer began the quest for the Orb.
     0 | D:1      | Reached XP level 1. HP: 10/10 MP: 6/6
   251 | D:1      | Reached XP level 2. HP: 6/15 MP: 0/8
  1476 | D:2      | Reached skill level 1 in Short Blades
  1476 | D:2      | Reached XP level 3. HP: 19/19 MP: 2/9
  1550 | D:1      | Learned a level 2 spell: Searing Ray
  1554 | D:1      | Learned a level 3 spell: Dazzling Spray
  1904 | D:1      | Slain by a gnoll

Vault maps used:
D:1:      evilmike_arrival_crescent
D:2:      lemuel_round_altar, first_bread

Action                   || total
-------------------------++-------
Melee: Unarmed           ||    15
       Short sword       ||     1
 Cast: Magic Dart        ||    62
       Searing Ray       ||     7
  Use: Potion            ||     2
  Eat: Chunk             ||     2
